 Dungeon Crawl Stone Soup version 0.28-a0-1613-gdaab1c2f9b (webtiles) character file.

Game seed: 5282080561568212668

6027 porpoise the Fighter (level 11, -2/85 HPs)
             Began as a Djinni Conjurer on Jan 22, 2022.
             Was an Initiate of Ashenzari.
             Engulfed by a cloud of freezing vapour (29 damage)
             ... on level 8 of the Dungeon.
             The game lasted 00:43:51 (13783 turns).

porpoise the Fighter (Djinni Conjurer)             Turns: 13783, Time: 00:43:51

Health: -2/85      AC:  6    Str:  8    XL:     11   Next: 11%
Gold:   155        EV: 30    Int: 21    God:    Ashenzari [......] SH:  0 Dex: 13

rFire   + + +      SeeInvis .   b - +1 hunting sling
rCold   . . .      Faith    .   (no shield)
rNeg    . . .      Spirit   .   h - +2 robe {Archmagi}
rPois   ∞          Reflect  .   n - +0 helmet
rElec   +          Harm     .   (no cloak)
rCorr   +          Rampage  .   g - +0 pair of gloves
Will    +....      Archmagi +   (boots unavailable)
Stlth   +++.......              v - amulet "Scepticism of the Ether" {Acrobat, Melee, Range} (curse)
HPRegen 0.24/turn               e - ring of resist corrosion
MPRegen 0.00/turn               (no ring)

@: resistant, acrobatic, flying
A: sickness immunity, fire resistance 2, cold vulnerability 1, float, innate
caster, hp casting, extra vitality 1
a: Renounce Religion, Shatter the Chains


You were on level 8 of the Dungeon.
You worshipped Ashenzari.
Ashenzari was noncommittal.
You visited 2 branches of the dungeon, and saw 9 of its levels.
You also visited: Ossuary.

You collected 740 gold pieces.
You spent 585 gold pieces at shops.

Inventory:

Hand Weapons
 a - a +3 demon whip of electrocution
 b - a +1 hunting sling (weapon)
 y - a +2 antimagic spear
 D - a +1 short sword of draining
Missiles
 f - 10 poisoned darts
 s - 84 arrows
 x - 54 sling bullets
 A - 3 curare-tipped darts
 E - 362 stones (quivered ammo)
 F - 25 bolts
 H - 5 boomerangs
 M - 5 boomerangs of dispersal
Armour
 g - a +0 pair of gloves (worn)
 h - a +2 robe of the Archmagi (worn)
 m - a +1 animal skin
 n - a +0 helmet (worn)
 I - an orb of light
Magical Staves
 d - a staff of fire
 u - a staff of air
 K - a staff of cold
 L - a staff of earth
Jewellery
 e - a ring of resist corrosion (left hand)
 v - the cursed amulet "Scepticism of the Ether" (around neck) {Acrobat, Melee, Range}
   (You found it on level 5 of the Dungeon)

   [amulet of the acrobat]

   It increases your evasion while moving and waiting.
   It has a curse which improves the following skills: Melee Combat: Short
   Blades, Long Blades, Axes, Maces & Flails, Polearms, Staves and Unarmed
   Combat.
   Ranged Combat: Slings, Bows, Crossbows and Throwing.
Wands
 i - a wand of flame (40)
 l - a wand of polymorph (21)
 J - a wand of iceblast (8)
Scrolls
 j - 2 scrolls of vulnerability
 q - 2 scrolls of teleportation
 G - a scroll of blinking
 N - 3 scrolls of immolation
 O - a scroll of torment
Potions
 c - 3 potions of haste
 k - a potion of cancellation
 o - 8 potions of curing
 p - 5 potions of heal wounds
 r - a potion of brilliance
 t - 2 potions of berserk rage
 w - a potion of might
 z - a potion of ambrosia
 B - a potion of invisibility
 C - a potion of mutation


   Skills:
 * Level 9.9 Fighting
 + Level 1.4(1.8) Maces & Flails
 + Level 1.0(1.2) Slings
 - Level 7.0 Dodging
 - Level 5.0 Stealth
 - Level 7.0 Spellcasting
 + Level 4.7 Evocations


You couldn't memorise any spells.
You knew the following spells:

 Your Spells              Type           Power      Damage    Failure   Level
a - Magic Dart            Conj           100%       1d8       1%          1
b - Searing Ray           Conj           100%       2d8       1%          2
c - Fulminant Prism       Conj/Hex       26%        3d14      4%          4
d - Iskenderun's Mystic   Conj/Tloc      53%        2d11      4%          4
e - Alistair's Intoxicat  Tmut/Pois      35%        N/A       14%         5
g - Gell's Gravitas       Tloc           53%        N/A       1%          3
i - Summon Ice Beast      Ice/Summ       53%        N/A       4%          4
t - Apportation           Tloc           100%       N/A       1%          1
w - Wereblood             Tmut           53%        N/A       1%          2
z - Dazzling Flash        Conj/Hex       100%       N/A       1%          3
Your spell library was empty.

Dungeon Overview and Level Annotations

Branches:
Dungeon (8/15)             Temple (1/1) D:7         Ossuary (visited)
   Lair: D:8-11

Altars:
Ashenzari
Dithmenos
Elyvilon
Fedhas
Gozag
Hepliaklqana
Kikubaaqudgha
Makhleb
Nemelex Xobeh
Okawaru
Qazlal
Ru
Sif Muna
Trog
Vehumet
Wu Jian
Yredelemnul
Zin
The Shining One

Shops:
D:3 ((*!

Annotations:
D:5 Sigmund
D:8 1 transporter


Innate Abilities, Weirdness & Mutations

You are immune to sickness and miasma.
You are immune to poison.
Your flesh is very heat resistant. (rF++)
You are vulnerable to cold. (rC-)
You float through the air rather than walking.
You learn spells naturally, not from books.
Your magical power is your life essence.
You have superior vitality. (+4 MHP)


Message History

The ice beast hits your fulminant prism but does no damage.
Your fulminant prism crackles loudly.
The searing ray hits the centaur warrior simulacrum.
The centaur warrior simulacrum is moderately damaged.
The searing ray hits the centaur warrior simulacrum!
The centaur warrior simulacrum is heavily damaged.
The searing ray hits the ice beast!
The ice beast is moderately wounded.
The centaur warrior simulacrum closely misses you.
The centaur warrior simulacrum misses you.
The ice beast hits your fulminant prism.
The ice beast freezes your fulminant prism.
Your fulminant prism resists.
Your fulminant prism explodes!
The blast of energy engulfs the ice beast!!
You kill the ice beast!
The blast of energy engulfs the centaur warrior simulacrum!
The centaur warrior simulacrum vaporises!
The blast of energy engulfs the ice beast!!
You kill the ice beast!
The blast of energy engulfs the ice beast!!
You kill the ice beast!
The blast of energy engulfs the centaur warrior simulacrum!!
The centaur warrior simulacrum vaporises!
The blast of energy engulfs the centaur warrior simulacrum!!
The centaur warrior simulacrum vaporises!
Training target 7.0 for Dodging reached!
Your Maces & Flails skill increases to level 1!
Your Slings skill increases to level 1!
Your Dodging skill increases to level 7!
You have reached level 11!
The power to cast Alistair's Intoxication wells up from within.
Spell assigned to 'e'.
Really fly into that cloud of freezing vapour?
Okay, then.
Really fly into a travel-excluded area?
There is an open gate here.
You are engulfed in freezing vapours.
You are engulfed in freezing vapours.
You die...

# #........# #......# ###.## #
#...#.#### ######## #....# #
#...#.# ####### #....# #
#...#.# #○°○○☼########....# ##
#...#.####○○°○☼#°☼☼○○○###.##
.###...#..###☼°○°○#○.☼°○.#...#
.......##...#:$○○○☼.#.#○○#...#
#########..©#©(☼○○☼...©○.#©..#
# ######...#?[☼@○○.#.#..#...#
# ##........#☼☼☼○○#°☼○☼°○#...#
# #....)....#○°°○°#.○°°○°#.###
# #.♣..♣♣...#.○○°○########.# #
#.♣♣..♣...#######........# #
#.♣♣..♣♣....#.....########
###..♣.)♣♣..#...#####
.....♣♣..♣♣.##..#
......♣♣..♣.##..##


There were no monsters in sight!

Vanquished Creatures
  A two-headed ogre (D:6)
  4 gargoyles (D:7)
  Maggie (D:6)
  A troll (D:5)
  Grinder (D:5)
  A wyvern (D:8)
  3 centaur simulacra (D:8)
  2 water moccasins
  Duvessa (D:7)
  5 ice beasts
  3 ogres
  A necrophage (D:6)
  A centaur (D:5)
  A bullfrog (D:7)
  A gnoll sergeant (D:8)
  A wyvern zombie (D:5)
  A scorpion (D:5)
  2 wyvern skeletons
  Dowan (D:7)
  9 killer bees
  3 wights (D:8)
  2 jellies (D:6)
  2 orc priests
  A centaur skeleton (D:6)
  2 hounds (D:7)
  A gnoll shaman (D:8)
  Jessica (D:3)
  4 iguanas
  3 orc wizards
  A killer bee zombie (D:7)
  A hound skeleton (D:5)
  8 mummies (Ossuary)
  Robin (D:2)
  12 gnolls
  6 adders
  A river rat (D:3)
  A shadow imp (D:5)
  A white imp (D:5)
  An ufetubus (D:6)
  2 dart slugs (D:1)
  12 orcs
  4 bats
  7 endoplasms
  4 giant cockroaches
  13 goblins
  7 hobgoblins
  8 jackals (D:1)
  A quokka (D:4)
  6 ball pythons
  3 frilled lizards
  3 gnoll zombies (Ossuary)
  A hobgoblin zombie (Ossuary)
  5 kobolds
  2 kobold zombies (Ossuary)
  2 orc zombies (Ossuary)
  A quokka skeleton (D:3)
  3 rats
177 creatures vanquished.

Vanquished Creatures (collateral kills)
  A white imp (D:8)
1 creature vanquished.

Vanquished Creatures (others)
  24 fulminant prisms
  8 plants (D:3)
32 creatures vanquished.

Grand Total: 210 creatures vanquished

Notes
Turn   | Place    | Note
-------+----------+-------------------------------------------
     0 | D:1      | porpoise the Djinni Conjurer began the quest for the Orb.
     0 | D:1      | Reached XP level 1. HP: 15/15 MP: 0/0
   149 | D:1      | Reached XP level 2. HP: 16/22 MP: 0/0
   395 | D:1      | Reached skill level 1 in Fighting
   567 | D:1      | Reached XP level 3. HP: 24/27 MP: 0/0
   567 | D:1      | Learned a level 1 spell: Apportation
  1538 | D:2      | Found a hazy altar of Hepliaklqana.
  1579 | D:2      | Reached XP level 4. HP: 32/33 MP: 0/0
  1926 | D:2      | Noticed Robin
  1929 | D:2      | Reached skill level 2 in Fighting
  2205 | D:2      | Killed Robin
  2494 | D:2      | Found a faded altar of an unknown god.
  2618 | D:3      | Found Ekeiceely's General Store.
  2861 | D:3      | Found Gecoppauss's Distillery.
  2903 | D:3      | Bought a potion of heal wounds for 65 gold pieces
  2903 | D:3      | Bought a potion of curing for 39 gold pieces
  2903 | D:3      | Bought a potion of degeneration for 13 gold pieces
  3291 | D:3      | Found Zyracwun's Antique Weapon Shoppe.
  3316 | D:3      | Reached XP level 5. HP: 33/39 MP: 0/0
  3316 | D:3      | Learned a level 2 spell: Wereblood
  3428 | D:3      | Found Kool's Antique Weapon Shoppe.
  3430 | D:3      | Noticed Jessica
  3433 | D:3      | Killed Jessica
  3619 | D:3      | Noticed Ijyb
  3620 | D:3      | Noticed Ijyb
  3620 | D:3      | Ijyb changed into Ijyb the river rat
  3625 | D:3      | Killed Ijyb the river rat
  3728 | D:3      | Reached skill level 3 in Fighting
  3728 | D:3      | Reached XP level 6. HP: 40/46 MP: 0/0
  5917 | D:5      | Entered Level 5 of the Dungeon
  5990 | D:5      | Noticed an ogre
  6000 | D:5      | Killed an ogre
  6001 | D:5      | Reached skill level 4 in Fighting
  6001 | D:5      | Reached XP level 7. HP: 43/52 MP: 0/0
  6001 | D:5      | Learned a level 3 spell: Gell's Gravitas
  6100 | D:5      | Noticed Grinder
  6136 | D:5      | Killed Grinder
  6137 | D:5      | Reached skill level 5 in Spellcasting
  6538 | D:5      | Noticed a water moccasin
  6542 | D:5      | Killed a water moccasin
  6543 | D:5      | Reached skill level 5 in Fighting
  6543 | D:5      | Reached XP level 8. HP: 52/59 MP: 0/0
  6558 | D:5      | Noticed a troll
  6567 | D:5      | Killed a troll
  6621 | D:5      | Noticed Sigmund
  6843 | D:5      | Found a stormy altar of Qazlal.
  7301 | D:6      | Reached skill level 6 in Fighting
  7352 | D:6      | Noticed Maggie
  7371 | D:6      | Killed Maggie
  7372 | D:6      | Reached XP level 9. HP: 8/67 MP: 0/0
  7372 | D:6      | Learned a level 4 spell: Summon Ice Beast
  7683 | D:6      | Found a sand-covered staircase.
  7688 | D:6      | Reached skill level 7 in Fighting
  7696 | Ossuary  | Entered an ossuary
  8580 | Ossuary  | Reached skill level 5 in Stealth
  8745 | D:6      | Noticed a two-headed ogre
  8764 | D:6      | Killed a two-headed ogre
  9173 | D:6      | Reached skill level 8 in Fighting
  9173 | D:6      | Reached XP level 10. HP: 61/76 MP: 0/0
 10136 | D:6      | Found a glowing silver altar of Zin.
 10136 | D:6      | Noticed an angel
 10799 | D:7      | Noticed Dowan
 10803 | D:7      | Noticed a gargoyle
 10804 | D:7      | Killed Dowan
 10804 | D:7      | Noticed Duvessa
 10811 | D:7      | Killed Duvessa
 10814 | D:7      | Noticed a gargoyle
 11062 | D:7      | Killed a gargoyle
 11063 | D:7      | Reached skill level 5 in Dodging
 11197 | D:7      | Found a staircase to the Ecumenical Temple.
 11207 | Temple   | Entered the Ecumenical Temple
 11630 | D:7      | Noticed a gargoyle
 11634 | D:7      | Noticed a gargoyle
 11636 | D:7      | Killed a gargoyle
 11637 | D:7      | Reached skill level 9 in Fighting
 11639 | D:7      | Killed a gargoyle
 11874 | D:3      | Bought a glowing demon whip for 468 gold pieces
 12048 | D:7      | Killed a gargoyle
 12413 | D:8      | Found a broken altar of Ashenzari.
 12449 | D:8      | Became a worshipper of Ashenzari the Shackled
 12514 | D:8      | Found a sacrificial altar of Ru.
 12728 | D:8      | Found a transporter.
 12782 | D:8      | Found a sparkling altar of Nemelex Xobeh.
 12819 | D:8      | Found a transporter.
 13779 | D:8      | Reached skill level 1 in Maces & Flails
 13779 | D:8      | Reached skill level 1 in Slings
 13779 | D:8      | Reached XP level 11. HP: 48/85 MP: 0/0
 13779 | D:8      | Learned a level 5 spell: Alistair's Intoxication
 13783 | D:8      | Engulfed by a cloud of freezing vapour

Illustrated notes

Levels and vault maps discovered:
D:1:      lightli_arrival_statuegarden, layout_loops_ring
D:2:      layout_loops_ring, shapermc_ecumenical_altar_hornbeckon, basic_altar,
          uniq_robin
D:3:      layout_basic, serial_shops,
          nicolae_shop_temple_entry_statues_fountains, nicolae_shop_waterfront,
          nicolae_shop_waterfront, nicolae_shop_behind_doors,
          guppyfry_early_lair_pool, uniq_jessica, uniq_ijyb
D:4:      layout_layer_cave, led_sif_book, kennysheep_cluttered_room
D:5:      layout_rooms, grunt_qazlal_clouds, minmay_fractal_squares_5,
          uniq_grinder, uniq_sigmund
D:6:      layout_cave_pods, zin_angel, nicolae_ossuary_entry_monument,
          uniq_maggie
D:7:      cheibrodos_statue_roulette, layout_basic,
          minmay_temple_entry_mini_moons, uniq_duvessa
D:8:      gammafunk_cloud_chamber, layout_basic, lemuel_round_altar,
          nicolae_ashenzari_panopticon, mainiacjoe_overflow_catch_the_wave
Temple:   minmay_temple_bridge_abc

Skill      XL: |  1  2  3  4  5  6  7  8  9 10 |
---------------+-------------------------------+-----
Fighting       | 1 2 3 4 5 6 8 9 |  9.9
Stealth        | 2 3 4 5 |  5.0
Spellcasting   | 4 5 6 7 |  7.0
Evocations     | 2 4 |  4.7
Dodging        | 3 7 |  7.0
Maces & Flails | 1 |  1.4
Slings         | 1 |  1.0

Action                   |  1- 3 |  4- 6 |  7- 9 | 10-12 || total
-------------------------+-------+-------+-------+-------++-------
Melee: Spear             |       |       |     5 |       ||     5
 Fire: Hunting sling     |       |       |       |    24 ||    24
Throw: Dart              |       |     2 |     7 |       ||     9
       Stone             |       |       |     2 |       ||     2
 Cast: Magic Dart        |    34 |    29 |    21 |       ||    84
       Searing Ray       |    10 |    35 |    49 |    28 ||   122
       Fulminant Prism   |       |     1 |    12 |    11 ||    24
       Iskenderun's Myst |       |       |     5 |    13 ||    18
       Gell's Gravitas   |       |       |       |     2 ||     2
       Summon Ice Beast  |       |       |       |     1 ||     1
Invok: Curse Item        |       |       |       |     1 ||     1
Evoke: Wand              |       |     2 |     1 |       ||     3
  Use: Scroll            |       |     3 |     9 |     9 ||    21
       Potion            |       |       |       |     1 ||     1
Armor: Animal skin       |       |     2 |     6 |     4 ||    12
       Robe              |       |       |       |     1 ||     1
Dodge: Dodged            |     2 |    13 |    48 |    25 ||    88

Table legend: (Time is in decaauts)
 A = Elapsed time spent in this place.
 B = Non-inter-level travel time spent in this place.
 C = Inter-level travel time spent in this place.
 D = Time resting spent in this place.
 E = Time spent auto-exploring this place.
 F = Levels seen in this place.
 G = Mean time per level.
                   A        B        C        D        E       F      G
               +--------+--------+--------+--------+--------+-----+--------+
         Total |  13768 |  13073 |    695 |   6162 |   5368 |  10 | 1376.8 |
       Dungeon |  12584 |  11913 |    671 |   5389 |   5269 |   8 | 1573.0 |
        Temple |    134 |    110 |     24 |      0 |     99 |   1 |  134.0 |
       Ossuary |   1049 |   1049 |      0 |    773 |      0 |   1 | 1049.0 |
               +--------+--------+--------+--------+--------+-----+--------+

Top non-repeatable levels by time:
     D:4: 2011 daAuts
     D:6: 1859 daAuts
     D:3: 1786 daAuts
     D:7: 1646 daAuts
     D:8: 1481 daAuts
     D:1: 1355 daAuts
     D:2: 1229 daAuts
     D:5: 1214 daAuts
 Ossuary: 1049 daAuts
  Temple: 134 daAuts
